 Seeded DCSS version 0.30.1-4-g462c640d31 (webtiles) character file.

Game seed: 6351066067085065685 (custom seed)

807 Esekla the Thaumaturge (level 7, -3/36 HPs)
             Began as a Deep Elf Wanderer on Sept 14, 2023.
             Was a Believer of Vehumet.
             Slain by Pikel
             ... wielding a +1 whip of flaming
              (7 damage)
             ... on level 6 of the Dungeon.
             The game lasted 00:47:56 (5465 turns).

Esekla the Thaumaturge (Deep Elf Wanderer)          Turns: 5465, Time: 00:47:57

Health: -3/36      AC:  4    Str: 11    XL:     7   Next: 60%
Magic:  10/20      EV:  9    Int: 20    God:    Vehumet [**....]
Gold:   333        SH:  4    Dex: 11    Spells: 13/22 levels left

rFire   . . .        a - +2 dagger (vamp)
rCold   . . .        d - +0 buckler
rNeg    . . .        c - +0 robe
rPois   .            m - +0 helmet
rElec   .            (no cloak)
rCorr   .            k - +0 pair of gloves
SInv    .            (no boots)
Will    .....        B - amulet of magic regeneration
Stlth   ++           (no ring)
HPRegen 0.26/turn    (no ring)
MPRegen 0.57/turn

%: no passive effects
@: brilliant, grasped by roots, very slightly contaminated, constricted
A: no striking features
a: Renounce Religion


You were on level 6 of the Dungeon.
You worshipped Vehumet.
Vehumet was pleased with you.
You visited 1 branch of the dungeon, and saw 6 of its levels.

You collected 333 gold pieces.

Inventory:

Hand Weapons
 a - a +2 vampiric dagger (weapon)
 r - a +0 trident
 s - the +5 rapier of the Hero {heavy, rN+ Dex+3}
   (You found it on level 3 of the Dungeon)

   Dex:       It affects your dexterity (+3).
   rN:        It protects you from negative energy.
Missiles
 w - 7 poisoned darts (quivered)
Armour
 c - a +0 robe (worn)
 d - a +0 buckler (worn)
 k - a +0 pair of gloves (worn)
 m - a +0 helmet (worn)
Jewellery
 B - an amulet of magic regeneration (around neck)
Wands
 u - a wand of roots (14)
 C - a wand of flame (15)
Scrolls
 f - 2 scrolls of fear
 g - 6 scrolls of identify {unknown}
 o - 3 scrolls of enchant weapon {unknown}
 p - 2 scrolls of amnesia {unknown}
 q - a scroll of enchant armour {unknown}
 t - 2 scrolls of fog {unknown}
 v - a scroll of blinking {unknown}
 x - a scroll of immolation {unknown}
 z - a scroll of summoning {unknown}
 A - a scroll of magic mapping {unknown}
 D - a scroll of silence {unknown}
Potions
 b - 2 potions of lignification
 e - 2 potions of ambrosia {unknown}
 h - a potion of heal wounds {unknown}
 i - a potion of haste {unknown}
 j - 6 potions of curing {unknown}
 l - 3 potions of attraction {unknown}
 n - a potion of mutation {unknown}
 y - 2 potions of brilliance


   Skills:
 + Level 1.8 Short Blades
 + Level 0.3 Throwing
 * Level 3.6 Dodging
 + Level 2.3 Stealth
 * Level 2.4 Shields
 * Level 8.3 Spellcasting
 + Level 1.3 Conjurations
 * Level 3.1 Necromancy
 + Level 3.1 Translocations
 * Level 1.8 Fire Magic
 + Level 1.0 Invocations


You had 13 spell levels left.
You knew the following spells:

 Your Spells              Type           Power      Damage    Failure   Level
a - Magic Dart            Conj           80%        1d7       7%          1
b - Blink                 Tloc           62%        N/A       4%          2
d - Vampiric Draining     Necr           31%        2d8       10%         3
o - Scorch                Fire           46%        2d6       9%          2
p - Apportation           Tloc           62%        N/A       3%          1

Your spell library contained the following spells:

 Spells                   Type           Power      Damage    Failure   Level
 Lesser Beckoning         Tloc           62%        N/A       4%          2
 Gell's Gravitas          Tloc           31%        N/A       10%         3
 Teleport Other           Tloc           31%        N/A       10%         3
 Ignite Poison            Fire/Tmut/Pois 16%        N/A       26%         3
 Spider Form              Tmut/Pois      12%        N/A       34%         3
 Cause Fear               Hex            6%         N/A       75%         4
 Summon Mana Viper        Hex/Summ       12%        N/A       97%         5


Dungeon Overview and Level Annotations

Branches:
Dungeon (6/15)             Temple (0/1) D:6

Altars:
Dithmenos
Hepliaklqana
Okawaru
Qazlal
Trog
Vehumet
Zin
The Shining One

Shops:
D:2 =   D:4 (

Annotations:
D:2 gnolls & black bear
D:6 Pikel


Message History

Press: ? - help, Shift-Dir - straight line, f/p - Pikel
Aim: Pikel, wielding a +1 whip of flaming, wearing a +0 robe and carrying a wand of roots (6) (moderately wounded)
You feel a surge of power!
You draw life force from Pikel!
You feel life coursing into your body.
Pikel hits you with a +1 whip of flaming!
* * * LOW HITPOINT WARNING * * *
Pikel burns you.
* * * LOW HITPOINT WARNING * * *
Casting: Vampiric Draining (quite dangerous; 10% risk of failure)
Confirm with . or Enter, or press ? or * to list all spells.
The spell is quite dangerous to miscast (10% risk of failure)!
Continue anyway?
Aiming: Vampiric Draining (quite dangerous; 10% risk of failure)
Press: ? - help, Shift-Dir - straight line, f/p - Pikel
Aim: Pikel, wielding a +1 whip of flaming, wearing a +0 robe and carrying a wand of roots (6) (heavily wounded)
You feel a surge of power!
You draw life force from Pikel.
You feel life coursing into your body.
Pikel zaps a wand.
The roots erupt in riotous growth!
The grasping roots grab you!
Pikel is unaffected.
The grasping roots constrict you!
* * * LOW HITPOINT WARNING * * *
Casting: Vampiric Draining (quite dangerous; 10% risk of failure)
Confirm with . or Enter, or press ? or * to list all spells.
The spell is quite dangerous to miscast (10% risk of failure)!
Continue anyway?
Aiming: Vampiric Draining (quite dangerous; 10% risk of failure)
Press: ? - help, Shift-Dir - straight line, f/p - Pikel
Aim: Pikel, wielding a +1 whip of flaming, wearing a +0 robe and carrying a wand of roots (5) (severely wounded)
You feel a surge of power!
You draw life force from Pikel.
You feel life coursing into your body. Pikel misses you.
The grasping roots constrict you.
* * * LOW HITPOINT WARNING * * *
Casting: Vampiric Draining (quite dangerous; 10% risk of failure)
Confirm with . or Enter, or press ? or * to list all spells.
The spell is quite dangerous to miscast (10% risk of failure)!
Continue anyway?
Aiming: Vampiric Draining (quite dangerous; 10% risk of failure)
Press: ? - help, Shift-Dir - straight line, f/p - Pikel
Aim: Pikel, wielding a +1 whip of flaming, wearing a +0 robe and carrying a wand of roots (5) (almost dead)
You feel a surge of power!
You draw life force from Pikel.
You feel life coursing into your body.
Pikel hits you with a +1 whip of flaming!
You die...

###################
#.......(....K5...#####
#.##.##.#########......
#.##.##.# #.......
#.##.##5# #.#.#.#.
#.##.##K# #(......
#.....@.# #.#[....
####.#### #####.......
#.### #.....#...>.
#...# #......[....
###.# #.....#..... #.#
#........... #.#
#.....#.#.#.
#.#########.......
#.......# ####.###


You could see Pikel and a lemure.

Vanquished Creatures
  An ogre (D:5)
  2 scorpions (D:5)
  A gnoll bouda (D:4)
  5 hounds
  A jelly (D:6)
  A sleepcap (D:5)
  4 iguanas
  11 gnolls
  8 adders
  2 white imps
  A worm (D:4)
  3 dart slugs
  8 orcs
  4 endoplasms
  8 goblins
  5 hobgoblins
  A quokka (D:1)
  6 ball pythons
  4 bats
  4 frilled lizards
  5 kobolds
  A rat (D:2)
86 creatures vanquished.

Notes
Turn   | Place    | Note
-------+----------+-------------------------------------------
     0 | D:1      | Esekla the Deep Elf Wanderer began the quest for the Orb.
     0 | D:1      | Esekla set off with the following items: a +0 club, a
                  | potion of lignification, a +0 robe, a +0 buckler; and the
                  | following spells available to memorise: Apportation, Blink,
                  | Lesser Beckoning, Magic Dart, Ignite Poison, Vampiric
                  | Draining.
     0 | D:1      | Reached XP level 1. HP: 10/10 MP: 7/7
     2 | D:1      | Learned a level 1 spell: Magic Dart
     4 | D:1      | Learned a level 1 spell: Apportation
   273 | D:2      | Found Renulab's Jewellery Shop.
   429 | D:4      | Found a radiant altar of Vehumet.
   433 | D:4      | Became a worshipper of Vehumet
   449 | D:4      | Found an iron altar of Okawaru.
   461 | D:4      | Found a glowing silver altar of Zin.
   601 | D:4      | Found Ponaysk's Antique Weapon Boutique.
   775 | D:3      | Reached XP level 2. HP: 10/15 MP: 6/9
   778 | D:3      | Learned a level 2 spell: Blink
  1045 | D:3      | Identified the +5 rapier of the Hero {heavy, rN+ Dex+3}
  1310 | D:2      | Reached skill level 5 in Spellcasting
  1373 | D:2      | Noticed a black bear
  1513 | D:3      | Reached XP level 3. HP: 16/19 MP: 7/11
  1517 | D:3      | Learned a level 3 spell: Vampiric Draining
  1800 | D:3      | Found a stormy altar of Qazlal.
  1805 | D:3      | Found a bloodstained altar of Trog.
  1813 | D:3      | Reached skill level 1 in Dodging
  1813 | D:3      | Reached XP level 4. HP: 16/24 MP: 5/13
  1873 | D:3      | Found a hazy altar of Hepliaklqana.
  2049 | D:1      | Reached skill level 1 in Conjurations
  2068 | D:1      | Reached * piety under Vehumet
  2068 | D:1      | Offered knowledge of Shock by Vehumet.
  2417 | D:1      | Reached skill level 1 in Necromancy
  2762 | D:2      | Reached skill level 6 in Spellcasting
  2785 | D:2      | Reached XP level 5. HP: 25/28 MP: 4/15
  2804 | D:2      | Found a faded altar of an unknown god.
  3247 | D:4      | Found a glowing golden altar of the Shining One.
  3282 | D:4      | Reached skill level 1 in Short Blades
  3340 | D:5      | Entered Level 5 of the Dungeon
  3343 | D:5      | Got the Parchment of the Lumpy Olives
  3362 | D:5      | Found a shadowy altar of Dithmenos.
  3460 | D:5      | Reached XP level 6. HP: 26/32 MP: 4/17
  3782 | D:5      | Reached skill level 7 in Spellcasting
  4150 | D:5      | Reached ** piety under Vehumet
  4162 | D:5      | Reached XP level 7. HP: 36/36 MP: 18/20
  4356 | D:4      | Offered knowledge of Scorch by Vehumet.
  4360 | D:4      | Learned a level 2 spell: Scorch
  4739 | D:5      | Reached skill level 1 in Fire Magic
  4752 | D:5      | Reached skill level 8 in Spellcasting
  5413 | D:6      | Found a staircase to the Ecumenical Temple.
  5435 | D:6      | Noticed Pikel
  5465 | D:6      | Slain by Pikel

Illustrated notes

Levels and vault maps discovered:
D:1:      sevenhm_arrival_forest_fort_small_3, layout_rooms,
          chequers_serial_rivers_room_b, minmay_misc_feat_five
D:2:      layout_loops_ring, dreamdust_ecumenical_altar_angels_and_demons,
          serial_shops, shop
D:3:      layout_basic, grunt_temple_overflow_open, minmay_misc_feat_iff
D:4:      layout_basic, nicolae_overflow_quartered_altars, serial_shops,
          nicolae_diamond_shop
D:5:      layout_loops_ring, lemuel_doored_altar, minmay_misc_feat_rows,
          dreamdust_wishing_well
D:6:      layout_loops_cross, fedhas_altar_fruit_tree,
          minmay_temple_entry_glass, uniq_pikel, uniq_blork_the_orc

Skill      XL: |  1  2  3  4  5  6  7 |
---------------+----------------------+-----
Spellcasting   | 5 6 7 8 |  8.3
Dodging        | 1 2 3 |  3.6
Conjurations   | 1 |  1.3
Necromancy     | 1 2 3 |  3.1
Short Blades   | 1 |  1.8
Stealth        | 2 |  2.3
Translocations | 3 |  3.1
Shields        | 2 |  2.4
Fire Magic     | 1 |  1.8
Throwing       | |  0.3
Invocations    | |  1.0

Action                     |  1- 3 |  4- 6 |  7- 9 || total
---------------------------+-------+-------+-------++-------
  Melee: Short sword       |    23 |       |       ||    23
         Rapier            |    13 |    66 |     8 ||    87
         Dagger            |       |    28 |    41 ||    69
  Throw: Dart              |       |     6 |     6 ||    12
   Cast: Apportation       |    24 |    33 |    12 ||    69
         Magic Dart        |    31 |    40 |    26 ||    97
         Vampiric Draining |     1 |    17 |    20 ||    38
         Blink             |       |       |     2 ||     2
    Use: Scroll            |       |       |     1 ||     1
         Potion            |       |       |     1 ||     1
   Stab: Sleeping          |     2 |     5 |     2 ||     9
 Armour: Robe              |    20 |    31 |     8 ||    59
  Dodge: Dodged            |    26 |    77 |    32 ||   135
  Block: Buckler           |    15 |    27 |     7 ||    49
